 Dungeon Crawl Stone Soup version 0.18-a0-1639-g7533f42 (webtiles) character file.

10770 namelastname112 the Gouger (level 11, -1/72 HPs)
             Began as a Felid Berserker on Mar 27, 2016.
             Was the Champion of Trog.
             Incinerated by a smoke demon (3 damage)
             ... with a sticky flame
             ... on level 3 of the Abyss.
             The game lasted 00:29:40 (15689 turns).

namelastname112 the Gouger (Felid Berserker)       Turns: 15689, Time: 00:29:40

Health: -1/72      AC:  2    Str: 18    XL:     11   Next: 40%
Magic:  17/17      EV: 27    Int:  8    God:    Trog [******]
Gold:   1586       SH:  0    Dex: 16    Spells: 0 memorised, 10 levels left
                                        Lives:  0   Deaths: 2

rFire  . . .     SeeInvis +       - Unarmed
rCold  . . .     Gourm    .     (armour unavailable)
rNeg   + . .     Faith    .     (shield unavailable)
rPois  +         Spirit   .     (helmet unavailable)
rElec  .         Dismiss  .     (cloak unavailable)
rCorr  .         Reflect  .     (gloves unavailable)
SustAt .         Harm     .     (boots unavailable)
MR     +....     Clarity  +     (no amulet)
Stlth  .......... Rnd*Tele +    b - ring of positive energy
                                K - ring of poison resistance

@: berserking, liquid flames, glowing, very quick, somewhat resistant to hostile
enchantments, extremely unstealthy
A: no armour, no weapons or thrown items, claws 1, fangs 3, see invisible,
berserk 1, carnivore 3, clarity, clumsy 2, speed 1, frail 1, shaggy fur 2, slow
metabolism 1, teleportitis 1, wild magic 1, sharp paws
a: Berserk, Trog's Hand, Brothers in Arms, Burn Spellbooks, Renounce Religion


You were on level 3 of the Abyss.
You worshipped Trog.
Trog was exalted by your worship.
You were full.

You visited 2 branches of the dungeon, and saw 14 of its levels.
You visited the Abyss 1 time.
You also visited: Bailey.

You collected 1716 gold pieces.
You spent 130 gold pieces at shops.

Inventory:

Jewellery
 b - a ring of positive energy (right paw)
 K - a ring of poison resistance (left paw)
Wands
 h - a wand of confusion (14/48)
 j - a wand of iceblast (9/15)
 r - a wand of random effects (21/48)
 t - a wand of flame (27/48)
 y - a wand of iceblast (4/15)
 C - a wand of lightning (10/15)
 D - a wand of acid (1/15)
 F - a wand of digging (3/24)
 J - a wand of confusion (33/48)
Scrolls
 c - 8 scrolls of teleportation
 e - 2 scrolls of remove curse
 g - 4 scrolls of identify
 B - 3 scrolls of fog
 E - a scroll of vulnerability
Potions
 d - a potion of beneficial mutation
 i - a potion of cure mutation
 k - 4 potions of curing
 m - 3 potions of heal wounds
 n - 4 potions of flight
 p - 2 potions of brilliance
 v - a potion of resistance
 w - 3 potions of lignification
 x - a potion of agility
 z - a potion of magic
 A - a potion of might
 G - 2 potions of berserk rage
 L - a potion of haste
Books
 l - the Collected Works on Creative Enhancements
   (You found it on level 13 of the Dungeon)

   Spells                             Type                      Level
   a - Regeneration                   Charms/Necromancy            3
   b - Summon Guardian Golem          Hexes/Summoning              3
   c - Excruciating Wounds            Charms/Necromancy            5
   d - Iskenderun's Battlesphere      Conjuration/Charms           5
   e - Summon Mana Viper              Hexes/Summoning              5
   f - Aura of Abjuration             Summoning                    5
   g - Deflect Missiles               Charms/Air                   6
   h - Summon Hydra                   Summoning                    7
   Trog disapproves of the use of such an item.
 q - a book of Changes

   Spells                             Type                      Level
   a - Beastly Appendage              Transmutation                1
   b - Sticks to Snakes               Transmutation                2
   c - Spider Form                    Transmutation/Poison         3
   d - Ice Form                       Ice/Transmutation            4
   e - Blade Hands                    Transmutation                5
   Trog disapproves of the use of such an item.
 s - Uliwnuev's Incunabulum of Snow
   (You found it on level 13 of the Dungeon)

   Spells                             Type                      Level
   a - Throw Frost                    Conjuration/Ice              2
   b - Ensorcelled Hibernation        Hexes/Ice                    2
   c - Ozocubu's Armour               Charms/Ice                   3
   d - Metabolic Englaciation         Hexes/Ice                    5
   e - Simulacrum                     Ice/Necromancy               6
   Trog disapproves of the use of such an item.
 u - the Disquisition on Confrontation and Flames
   (You found it on level 13 of the Dungeon)

   Spells                             Type                      Level
   a - Throw Flame                    Conjuration/Fire             2
   b - Stone Arrow                    Conjuration/Earth            3
   c - Ignite Poison                  Fire/Transmutation/Poison    3
   d - Inner Flame                    Hexes/Fire                   3
   e - Iron Shot                      Conjuration/Earth            6
   f - Bolt of Fire                   Conjuration/Fire             6
   Trog disapproves of the use of such an item.
Miscellaneous
 f - a plain deck of defence {drawn: 2}
Comestibles
 a - 15 meat rations
 o - 6 beef jerkies
 H - 7 slices of pizza


   Skills:
 + Level 9.9 Fighting
 + Level 11.9 Dodging
 + Level 12.3 Stealth
 * Level 12.9 Unarmed Combat
 + Level 7.7 Evocations


You had 10 spell levels left.
You didn't know any spells.

Dungeon Overview and Level Annotations

Branches:
Dungeon (13/15)            Temple (0/1) D:6            Lair (0/8) D:8
    Orc (1/2) D:12
 Vaults: D:13-14

Altars:
Elyvilon
Gozag
Kikubaaqudgha
Nemelex Xobeh
Qazlal
Sif Muna
Trog
Vehumet
Xom
Yredelemnul
Beogh

Shops:
D:5 (   D:6 [[*}*   D:8 *%:}?


Innate Abilities, Weirdness & Mutations

You cannot wear armour.
You are incapable of wielding weapons or throwing items.
You have sharp claws.
You have razor-sharp teeth.
You have supernaturally acute eyesight.
You are carnivorous and can eat meat at any time.
You cover ground quickly.
You are covered in thick fur (AC +2).
You have a slow metabolism.
Your sharp claws are effective at attacking unaware monsters.
You tend to lose your temper in combat.
You possess an exceptional clarity of mind.
You are very clumsy. (Dex -4)
You are frail (-10% HP).
You are occasionally teleported next to monsters.
Your spells are a little harder to cast, but a little more powerful.


Message History

The smoke demon gestures at you. The sticky flame hits you!
You are covered in liquid flames!
You claw the spiny frog skeleton!
You are covered in liquid flames!
The spiny frog skeleton hits you!
* * * LOW HITPOINT WARNING * * *
You barely miss the thrashing horror.
The thrashing horror is lightly damaged.
You are covered in liquid flames!
* * * LOW HITPOINT WARNING * * *
The thrashing horror completely misses you. x2
The smoke demon gestures at you. The sticky flame hits you!
You are covered in liquid flames!
* * * LOW HITPOINT WARNING * * *
You closely miss the thrashing horror.
The thrashing horror is lightly damaged.
You are covered in liquid flames!
You die...

##. ## .. . .# .##
# . #...# # ### .#
#. ## . .##..
#.#.. ..#.##....
#...###.3..#.##.#
#.###.......#X...#
.. ...#. .##.@##
.### .# .#.#.#Z#
#.### ....#.##Z#
..##.... #..#... .
#.....#######. .
.. ...... ..# ..
.## ...# ..... ..
.##.....# . .x#
#.. .##.
.........# ..#


You could see a thrashing horror, a smoke demon, an ettin zombie and a spiny
frog skeleton.

Vanquished Creatures
  Gastronok (D:8)
  Josephine (D:11)
  2 centaur warriors
  2 hill giants
  2 orc knights
  3 deep elf magi (D:13)
  A manticore (D:10)
  5 naga magi (D:13)
  A two-headed ogre (D:11)
  Grinder (D:5)
  4 trolls
  Sigmund (D:4)
  4 wraiths (D:11)
  Eustachio (D:6)
  A human (D:7)
  13 yaks
  2 hungry ghosts
  3 hippogriffs
  3 vampire mosquitoes (D:13)
  2 water moccasins (D:10)
  Duvessa (D:6)
  3 ice beasts
  A wasp (D:12)
  11 orc warriors
  6 sky beasts
  4 black bears
  6 ogres
  2 phantoms
  A crocodile (D:9)
  8 centaurs
  Blork the orc (D:6)
  3 giant frogs
  10 big kobolds
  Dowan (D:6)
  A water moccasin zombie (D:11)
  3 scorpions
  18 killer bees
  12 howler monkeys
  An electric eel (D:9)
  2 vampire bats (D:7)
  3 crimson imps
  4 giant frog zombies
  A centaur zombie (D:7)
  3 jellies
  6 orc priests
  A centaur skeleton (D:11)
  8 hounds
  Crazy Yiuf (D:7)
  7 iguanas
  12 orc wizards
  11 worker ants
  4 sheep (D:7)
  3 hound skeletons
  10 gnolls
  11 adders
  5 shadow imps
  2 adder skeletons
  2 worms (D:5)
  3 dart slugs
  2 giant geckos (D:5)
  58 orcs
  11 bats
  3 bat skeletons (D:7)
  3 bat zombies (D:7)
  8 giant cockroaches
  11 goblins
  5 hobgoblins
  11 jackals
  4 quokkas
  2 ball pythons
  A giant gecko skeleton (D:8)
  5 giant newts
  A jackal zombie (D:7)
  34 kobolds
  11 rats
  A fungus (D:8)
416 creatures vanquished.

Vanquished Creatures (collateral kills)
  3 big kobolds (D:8)
  5 kobolds (D:8)
8 creatures vanquished.

Vanquished Creatures (others)
  A hound (D:5)
  An orc wizard (D:5)
  An adder (D:5)
  A giant gecko (D:5)
  A giant newt (D:5)
5 creatures vanquished.

Grand Total: 429 creatures vanquished

Notes
Turn   | Place    | Note
--------------------------------------------------------------
     0 | D:1      | namelastname112 the Felid Berserker began the quest for the Orb.
     0 | D:1      | Reached XP level 1. HP: 10/10 MP: 2/2
    66 | D:1      | Reached skill level 1 in Stealth
   165 | D:1      | Reached XP level 2. HP: 12/14 MP: 3/3
   407 | D:1      | Found a sparkling altar of Nemelex Xobeh.
  1108 | D:2      | Reached ** piety under Trog
  1172 | D:2      | Found a white marble altar of Elyvilon.
  1262 | D:2      | Reached XP level 3. HP: 14/17 MP: 4/4
  2180 | D:3      | Reached XP level 4. HP: 16/21 MP: 5/5
  2572 | D:3      | epen: шайни ван прикольный вроде бог
  2580 | D:3      | Reached XP level 5. HP: 25/25 MP: 6/6
  2587 | D:3      | epen: но он слишком дохуя слизтся
  2587 | D:3      | namelastname112: мне не нравится
  2638 | D:3      | Noticed a phantom
  2641 | D:3      | epen: злится*
  2647 | D:3      | Reached *** piety under Trog
  2658 | D:3      | Killed a phantom
  2658 | D:3      | Gained mutation: You are covered in thick fur (AC +2). [Felid growth]
  2658 | D:3      | Reached XP level 6. HP: 28/28 MP: 7/7
  2659 | D:3      | namelastname112: ну
  2659 | D:3      | namelastname112: все добрые боги имеют много запретов
  2846 | D:3      | epen: А у Имени какие запреты?
  3027 | D:3      | namelastname112: не ссать на табуретку
  3027 | D:3      | namelastname112: не воровать сигареты
  3027 | D:3      | namelastname112: все
  3167 | D:4      | Found an opulent altar of Gozag.
  3176 | D:4      | Reached skill level 5 in Dodging
  3176 | D:4      | Reached skill level 5 in Unarmed Combat
  3213 | D:4      | epen: лол
  3336 | D:4      | epen: при чём тут ссать на табуретку?
  3342 | D:4      | namelastname112: я ебу?
  3342 | D:4      | namelastname112: я сонный и ты спросил хуйню
  3342 | D:4      | epen: хуёвый ты бог
  3342 | D:4      | namelastname112: я ответил че первое в голову пришло
  3427 | D:4      | epen: алсо
  3515 | D:4      | Found a basalt altar of Yredelemnul.
  3522 | D:4      | Noticed Sigmund
  3526 | D:4      | epen: дисмиссал в аббис отправть может?
  3530 | D:4      | Killed Sigmund
  3530 | D:4      | Reached XP level 7. HP: 33/33 MP: 8/8
  3533 | D:4      | epen: пидора
  3572 | D:4      | namelastname112: не
  3572 | D:4      | namelastname112: тупо телепает
  3581 | D:4      | epen: Бля
  3610 | D:4      | epen: было бы забавно
  3693 | D:4      | Reached skill level 5 in Stealth
  3777 | D:4      | Found a bloodstained altar of Trog.
  4084 | D:5      | Entered Level 5 of the Dungeon
  4111 | D:5      | Reached skill level 5 in Fighting
  4118 | D:5      | Found Utolet's Weapon Shoppe.
  4131 | D:5      | Noticed Grinder
  4138 | D:5      | Found a radiant altar of Vehumet.
  4145 | D:5      | Killed Grinder
  4217 | D:5      | Reached XP level 8. HP: 30/37 MP: 9/9
  4295 | D:5      | Reached **** piety under Trog
  4317 | D:5      | Found a shimmering altar of Xom.
  4804 | D:6      | Found Naro's General Store.
  4865 | D:6      | Found Laxzyoth's Gadget Shop.
  4868 | D:6      | Noticed Dowan
  4869 | D:6      | Noticed Duvessa
  4871 | D:6      | Noticed Blork the orc
  4890 | D:6      | Killed Duvessa
  4892 | D:6      | Killed Blork the orc
  4896 | D:6      | Killed Dowan
  4938 | D:6      | Found Uder's Antique Armour Emporium.
  4977 | D:6      | Found a staircase to the Ecumenical Temple.
  5011 | D:6      | Found Xiurah's Antique Armour Shop.
  5144 | D:6      | Noticed Eustachio
  5151 | D:6      | Killed Eustachio
  5176 | D:6      | namelastname112: даня опять всю ночь прейзил зэ сан
  5207 | D:6      | Found Oskutile's Assorted Antiques.
  5223 | D:6      | Bought a scroll labeled WUHAIDE MUANGO for 26 gold pieces
  5223 | D:6      | Bought a scroll labeled WUHAIDE MUANGO for 26 gold pieces
  5223 | D:6      | Bought a scroll labeled FUON OTEURROAFA for 26 gold pieces
  5223 | D:6      | Bought a scroll labeled JOCYCY FALA for 26 gold pieces
  5223 | D:6      | Bought a scroll labeled KOHAKLUDWA for 26 gold pieces
  5465 | D:7      | Reached XP level 9. HP: 42/42 MP: 10/10
  5545 | D:7      | Reached skill level 1 in Evocations
  5903 | D:7      | Noticed a hill giant
  5914 | D:7      | Killed a hill giant
  5949 | D:7      | Noticed Crazy Yiuf
  5952 | D:7      | Killed Crazy Yiuf
  6377 | D:7      | Found an ancient bone altar of Kikubaaqudgha.
  6509 | D:7      | namelastname112: даня
  6509 | D:7      | namelastname112: хочешь прикол?
  6509 | D:7      | epen: давай
  6509 | D:7      | epen: лол
  6509 | D:7      | epen: и съебался куда-то
  6509 | D:7      | epen: лол
  6509 | D:7      | namelastname112: лолка
  6509 | D:7      | namelastname112: ну так че
  6509 | D:7      | namelastname112: хочешь?
  6509 | D:7      | epen: давай
  6512 | D:7      | epen: ммм
  6512 | D:7      | namelastname112: такие дела
  6535 | D:7      | epen: молись ему
  6622 | D:7      | epen: нахуй трога
  6682 | D:7      | namelastname112: не хочу с 8 инты кику молиться
  6693 | D:7      | Reached ***** piety under Trog
  7201 | D:8      | Found Haocleas's Gadget Emporium.
  7208 | D:8      | Noticed Gastronok
  7223 | D:8      | Killed Gastronok
  7223 | D:8      | Reached XP level 10. HP: 47/47 MP: 12/14
  7315 | D:8      | Found Viulaokh's Food Boutique.
  7360 | D:8      | Found a staircase to the Lair.
  7453 | D:8      | Reached skill level 10 in Unarmed Combat
  7769 | D:8      | Found Aqeoxt's Book Shop.
  7821 | D:8      | Found Hudib's General Store.
  8275 | D:8      | Found Xiunwel's Magic Scroll Shoppe.
  8302 | D:8      | Gained mutation: You are frail (-10% HP). [potion of mutation]
  8302 | D:8      | Gained mutation: You tend to lose your temper in combat. [potion of mutation]
  8302 | D:8      | Gained mutation: You evolve. [potion of mutation]
  8551 | D:9      | Found a stormy altar of Qazlal.
  8559 | D:9      | Reached skill level 10 in Stealth
  8597 | D:9      | Found a flagged portal.
  8599 | D:9      | epen: Имя
  8658 | D:9      | epen: Твоя тян может убивать?
  8660 | Bailey   | Entered a bailey
  8681 | Bailey   | Noticed an orc knight
  8686 | Bailey   | namelastname112: возможно
  8699 | Bailey   | Killed an orc knight
  8846 | Bailey   | Reached XP level 11. HP: 25/46 MP: 15/15
  8890 | Bailey   | Reached skill level 5 in Evocations
  9682 | D:9      | Noticed a centaur warrior
  9697 | D:9      | Killed a centaur warrior
 10004 | D:9      | Reached skill level 10 in Dodging
 10073 | D:9      | Gained mutation: You are dopey. (Int -2) [mutagenic meat]
 10074 | D:9      | Gained mutation: Your spells are a little harder to cast, but a little more powerful. [mutagenic meat]
 10076 | D:9      | Gained mutation: You are occasionally teleported next to monsters. [mutagenic meat]
 10130 | D:10     | Entered Level 10 of the Dungeon
 10711 | D:10     | Reached ****** piety under Trog
 11103 | D:10     | Found a roughly hewn altar of Beogh.
 11589 | D:10     | Gained mutation: You rapidly evolve. [evolution]
 11589 | D:10     | Lost mutation: You rapidly evolve. [end of evolution]
 11851 | D:10     | epen: вехумет чё может
 11861 | D:10     | epen: чё хочет
 11888 | D:10     | epen: а
 11888 | D:10     | epen: ща
 11888 | D:10     | epen: сам прочитаю
 11888 | D:10     | namelastname112: это для магов посан
 11890 | D:11     | epen: а
 11973 | D:11     | Gained mutation: You are clumsy. (Dex -2) [mutagenic meat]
 12460 | D:11     | Gained mutation: You possess an exceptional clarity of mind. [potion of mutation]
 12460 | D:11     | Lost mutation: You are dopey. (Int -2) [potion of mutation]
 12487 | D:11     | Noticed Josephine
 12499 | D:11     | HP: 1/70 [Josephine/dagger of flaming (3)]
 12500 | D:11     | Mangled by a wraith
 12501 | D:11     | Reached XP level 10. HP: -9/66 MP: 15/15
 12531 | D:11     | Killed Josephine
 12531 | D:11     | Reached XP level 11. HP: 17/47 MP: 16/16
 12720 | D:11     | Noticed an orc knight
 12748 | D:11     | Killed an orc knight
 13870 | D:12     | HP: 3/70 [yak (7)]
 13877 | D:12     | Slain by a yak
 13878 | D:12     | Reached XP level 10. HP: -2/44 MP: 16/16
 14006 | D:12     | Found a staircase to the Orcish Mines.
 14117 | D:12     | epen: ммм
 14137 | D:12     | epen: зелёный цвет выпал
 14161 | D:12     | Gained mutation: You are very clumsy. (Dex -4) [evolution]
 14161 | D:12     | Lost mutation: You evolve. [end of evolution]
 14330 | Orc:1    | Entered Level 1 of the Orcish Mines
 14338 | D:13     | Noticed a naga mage
 14339 | D:13     | Noticed a deep elf mage
 14339 | D:13     | Noticed a deep elf mage
 14339 | D:13     | Noticed a naga mage
 14348 | D:13     | Killed a naga mage
 14351 | D:13     | Killed a deep elf mage
 14354 | D:13     | Killed a naga mage
 14365 | D:13     | Killed a deep elf mage
 14422 | D:13     | Noticed a naga mage
 14424 | D:13     | Killed a naga mage
 14424 | D:13     | Reached XP level 11. HP: 47/47 MP: 17/17
 14444 | D:13     | Identified the Collected Works on Creative Enhancements
 14734 | D:13     | Noticed a centaur warrior
 14739 | D:13     | Killed a centaur warrior
 14863 | D:13     | Noticed a hill giant
 14888 | D:13     | Killed a hill giant
 14914 | D:13     | Noticed a skeletal warrior
 14918 | D:13     | Noticed a skeletal warrior
 15388 | D:13     | Noticed a deep elf mage
 15403 | D:13     | Killed a deep elf mage
 15486 | D:13     | Identified Uliwnuev's Incunabulum of Snow
 15497 | D:13     | Identified the Disquisition on Confrontation and Flames
 15508 | D:13     | Found a deep blue altar of Sif Muna.
 15512 | D:13     | Noticed a deep elf sorcerer
 15518 | D:13     | Cast into level 3 of the Abyss (a deep elf sorcerer)
 15538 | Abyss:3  | Noticed a tentacled starspawn
 15678 | Abyss:3  | Noticed a thrashing horror
 15688 | Abyss:3  | HP: 2/72 [smoke demon/sticky flame (6)]
 15689 | Abyss:3  | Incinerated by a smoke demon

Vault maps used:
D:1:      grunt_arrival_lava_bath, nemelex_deck
D:2:      lemuel_crystal_altar, serial_glass, glass_columns_a, glass_columns_c,
          glass_columns_c, glass_columns_a, glass_columns_c, glass_columns_b,
          glass_columns_b, glass_columns_b, first_bread,
          kennysheep_generic_room_3
D:3:      hangedman_decor_clover_reticule, kennysheep_another_room
D:4:      nicolae_gozag_cash_rules_everything_around_me, old_standard_altar,
          kennysheep_mini, uniq_sigmund
D:5:      xom_confusion_cloud, serial_shops, nicolae_shop_stone, basic_altar,
          uniq_grinder
D:6:      minmay_temple_entry_junction, serial_shops, nicolae_shop_behind_doors,
          kennysheep_little_box, nicolae_shop_competitors_out_of_business,
          nicolae_shop_crystal, nicolae_shop_stone, uniq_eustachio,
          uniq_blork_the_orc, uniq_duvessa
D:7:      kennysheep_vampire_church, grunt_livestock, hex_tiny,
          uniq_crazy_yiuf_cottage
D:8:      due_lair_maze_entry_diamond, serial_shops, shop, shop_fountains, shop,
          shop, nicolae_shop_crystal, special_room, uniq_gastronok
D:9:      overflow_temple_1_default, enter_bailey_3
D:10:     special_room, grunt_decor_fettered
D:11:     uniq_josephine
D:12:     orc_0_dummy, serial_park, serial_park_avenue1, serial_park_avenue1,
          serial_park_square2, serial_park_square2, kennysheep_potato
D:13:     evilmike_library_of_no_secrets
Orc:1:    serial_shops, nicolae_shop_waterfront
Abyss:3:  evilmike_abyss_exit_4, minivault_11, hangedman_classic_abyss_death
Bailey:   bailey_axe_4, bailey

Skill      XL: |  1  2  3  4  5  6  7  8  9 10 11 |
---------------+----------------------------------+-----
Stealth        | 1 2 3 4 5 7 9 12 11 | 12.3
Unarmed Combat | 4 5 6 8 9 10 12 | 12.9
Fighting       | 4 5 6 7 8 9 |  9.9
Dodging        | 5 6 7 9 11 10 | 11.9
Evocations     | 4 7 6 |  7.7

Action                   |  1- 3 |  4- 6 |  7- 9 | 10-12 || total
-------------------------+-------+-------+-------+-------++-------
Melee: Unarmed           |   113 |    64 |   242 |   800 ||  1219
Invok: Berserk           |     1 |     4 |     9 |    20 ||    34
       Burn Spellbooks   |       |       |     1 |       ||     1
       Trog's Hand       |       |       |       |     3 ||     3
       Brothers in Arms  |       |       |       |     1 ||     1
Evoke: Deck              |     2 |       |       |       ||     2
       Wand              |       |       |       |     3 ||     3
  Use: Scroll            |       |       |       |    28 ||    28
       Potion            |       |       |       |     3 ||     3
 Stab: Sleeping          |     8 |     5 |    22 |    38 ||    73
       Distracted        |       |     1 |     2 |     7 ||    10
  Eat: Chunk             |     9 |     7 |    16 |    53 ||    85
